 Dungeon Crawl Stone Soup version 0.30-a0-924-g0ad0bf95bc (webtiles) character file.

Game seed: 16414331857556839620

6135 Iich the Cleaver (level 10, -6/91 HPs)
             Began as a Demonspawn Fighter on Mar 22, 2023.
             Was an Initiate of Gozag.
             Mangled by a vampire (10 damage)
             ... on level 10 of the Dungeon.
             The game lasted 00:19:03 (9976 turns).

Iich the Cleaver (Demonspawn Fighter)               Turns: 9976, Time: 00:19:04

Health: -6/91      AC: 14    Str: 18    XL:     10   Next: 59%
Magic:  10/10      EV: 11    Int:  9    God:    Gozag
Gold:   108        SH:  0    Dex: 18    Spells: 9/9 levels left

rFire   . . .      SeeInvis .    a - +0 war axe
rCold   . . .      Faith    .    I - +0 kite shield
rNeg    . . .      Spirit   .    s - +0 acid dragon scales
rPois   .          Reflect  .    (helmet restricted)
rElec   .          Rampage  .    u - +0 cloak
rCorr   +                        (no gloves)
Will    .....                    (no boots)
Stlth   +                        (no amulet)
HPRegen 0.35/turn                y - +4 ring of protection
MPRegen 0.12/turn                (no ring)

@: confused, ambrosia-drunk
A: antennae 2, yellow scales 2, powered by death 2, agile 1, robust 1
a: Renounce Religion, Potion Petition, Call Merchant, Bribe Branch


You were on level 10 of the Dungeon.
You worshipped Gozag.
Gozag was aware of your devotion.
You visited 2 branches of the dungeon, and saw 12 of its levels.

You collected 1548 gold pieces.
You spent 176 gold pieces at shops.
You paid 1264 gold pieces to Gozag.

Inventory:

Hand Weapons
 a - a +0 war axe (weapon)
Missiles
 F - 2 throwing nets (quivered)
Armour
 b - a +0 scale mail
 c - a +0 buckler
 s - +0 acid dragon scales (worn)
 u - a +0 cloak (worn)
 I - a +0 kite shield (worn)
 J - a +0 plate armour
Jewellery
 j - a +6 ring of intelligence
 y - a +4 ring of protection (left hand)
Wands
 E - a wand of charming (10)
 H - a wand of acid (3)
Scrolls
 e - 4 scrolls of magic mapping
 g - a scroll of fear
 h - 3 scrolls of enchant weapon
 i - a scroll of vulnerability {unknown}
 m - a scroll of amnesia
 o - 3 scrolls of enchant armour {unknown}
 p - a scroll of torment
 r - 2 scrolls of silence {unknown}
 v - a scroll of immolation
 x - a scroll of acquirement {unknown}
 A - a scroll of noise
 B - 2 scrolls of blinking
Potions
 d - a potion of might
 f - a potion of degeneration
 k - 2 potions of attraction
 n - 3 potions of mutation
 q - 2 potions of curing
 z - 2 potions of brilliance
 C - a potion of magic
 D - a potion of lignification
 G - a potion of haste {unknown}


   Skills:
 + Level 9.6 Fighting
 * Level 11.8 Axes
 - Level 2.6 Armour
 + Level 3.2 Dodging
 - Level 2.6 Shields


You had 9 spell levels left.
You didn't know any spells.
Your spell library contained the following spells:

 Spells                   Type           Power      Damage    Failure   Level
 Freeze                   Ice            0%         1d3       86%         1
 Sandblast                Erth           0%         2d4       86%         1
 Ensorcelled Hibernation  Hex/Ice        0%         N/A       95%         2
 Passwall                 Tmut/Erth      0%         N/A       95%         2
 Frozen Ramparts          Ice            0%         1d1       99%         3
 Hailstorm                Conj/Ice       0%         3d3       99%         3
 Inner Flame              Hex/Fire       0%         N/A       99%         3
 Ozocubu's Armour         Ice            0%         N/A       99%         3
 Spider Form              Tmut/Pois      0%         N/A       99%         3
 Stone Arrow              Conj/Erth      0%         3d7       99%         3
 Anguish                  Hex/Necr       0%         N/A       100%        4
 Cause Fear               Hex            0%         N/A       100%        4
 Metabolic Englaciation   Hex/Ice        0%         N/A       100%        5
 Discord                  Hex            0%         N/A       100%        8
 Simulacrum               Ice/Necr       Unusable   N/A       N/A         6

Dungeon Overview and Level Annotations

Branches:
Dungeon (11/15)            Temple (1/1) D:5
   Lair: D:8-11         Orc: D:9-12

Altars:
Cheibriados
Dithmenos
Fedhas
Gozag
Hepliaklqana
Makhleb
Nemelex Xobeh
Qazlal
Ru
Trog
Uskayaw
Vehumet
Wu Jian
Xom

Shops:
D:7 !


Innate Abilities, Weirdness & Mutations

You have a pair of antennae on your head.
You are mostly covered in yellow scales. (AC +3)
You regenerate health from kills.
You are agile. (Dex +4, Str/Int -1)
You are robust. (+10% HP)


Message History

You hear some strange, mumbled words.
Something tries to affect you, but you resist.
Unknown command.
You slash something! Something hits you.
* * * LOW HITPOINT WARNING * * *
You block something's attack.
You take 3 damage, and have 40/91 hp.
You miss something. Something hits you but does no damage.
Something bites you but does no damage.
You slash something!
You hear some strange, mumbled words.
Something tries to affect you, but you resist.
Unknown command.
You barely miss something. Something draws life force from you!!
* * * LOW HITPOINT WARNING * * *
You take 19 damage, and have 21/91 hp. !!!!--MASSIVE DAMAGE--!!!!
Unknown command.
You hit something but do no damage. Something hits you!
* * * LOW HITPOINT WARNING * * *
Something bites you.
* * * LOW HITPOINT WARNING * * *
Something draws strength from your injuries!
You take 12 damage, and have 9/91 hp.
You closely miss something. Something hits you.
* * * LOW HITPOINT WARNING * * *
Something bites you.
* * * LOW HITPOINT WARNING * * *
Something draws strength from your injuries!
You take 4 damage, and have 5/91 hp.
You are confused.
You feel invigorated. Something hits you.
* * * LOW HITPOINT WARNING * * *
Something bites you!
You die...
Your body crumbles into a pile of gold.

.#.#.#.#.#.#...###...#
.#.#.#.#.#.#.#......>.#
.#.#.#.#.#.#.#.#.......#
.#.#.#.#.#.#.#.#.#####..#
.#.#.#.#.#.#.#.#.## #..#
.#.#(#.#.#.#.#.#.#.##. ...#
.#.#.#.#.#.#.#.#.#.###. ##.######
#.#.#.#.#.#.#.#.#.#.... .#.....
.#.#.#.#.#.#.#.#@#.##..{ .K.....
#.#.#.#.#.#.#.#.<{#.V... .....
.#.#.#.#.#.#.#.#.#.###.# .....
#.#.#.#.#.#.#.#.#.#..#.#####.....
.#.#.#.#.#.#.#.#.#.#.....V.......
#.#.#.#.#.#.#.#.#.#......K...####
.#.#.#.#.#.#.#.#.#.##........#
#.#.#.#.#.#.#.#.#.#.##########
.#.#.#.#.#.#.#.#.#.


There were no monsters in sight!

Vanquished Creatures
  2 two-headed ogres (D:10)
  2 wyverns
  9 yaks
  An orc warrior (D:9)
  3 sky beasts
  A black bear (D:4)
  5 ice beasts
  2 centaurs
  2 ogres
  A phantom (D:7)
  2 kobold brigands
  A scorpion (D:5)
  10 wights
  A killer bee (D:11)
  2 howler monkeys
  A gnoll bouda (D:4)
  2 jellies
  5 orc priests
  Crazy Yiuf (D:7)
  7 hounds
  2 iguanas (D:5)
  14 orc wizards
  Robin (D:3)
  3 gnolls (D:8)
  9 adders
  A white imp (D:7)
  A worm (D:2)
  2 dart slugs
  21 orcs
  6 ball pythons
  3 endoplasms
  9 giant cockroaches
  14 goblins
  6 hobgoblins
  17 kobolds
  2 quokkas (D:4)
  6 bats
  6 frilled lizards
  2 rats (D:2)
  A butterfly (D:5)
186 creatures vanquished.

Vanquished Creatures (collateral kills)
  A centaur (D:10)
  A gnoll (D:8)
2 creatures vanquished.

Vanquished Creatures (others)
  A gnoll sergeant (D:8)
  An orc wizard (D:5)
2 creatures vanquished.

Grand Total: 190 creatures vanquished

Notes
Turn   | Place    | Note
-------+----------+-------------------------------------------
     0 | D:1      | Iich the Demonspawn Fighter began the quest for the Orb.
     0 | D:1      | Reached XP level 1. HP: 18/18 MP: 1/1
    49 | D:1      | Reached skill level 2 in Axes
    81 | D:1      | Gained mutation: You regenerate a little health from kills.
                  | [demonic ancestry]
    81 | D:1      | Reached XP level 2. HP: 24/24 MP: 2/2
   225 | D:1      | Found a faded altar of an unknown god.
   590 | D:2      | Reached XP level 3. HP: 24/29 MP: 3/3
   752 | D:2      | Reached skill level 3 in Axes
  1189 | D:3      | Noticed Robin
  1202 | D:3      | Reached XP level 4. HP: 36/37 MP: 4/4
  1217 | D:3      | Killed Robin
  1218 | D:3      | Reached skill level 4 in Axes
  1218 | D:3      | Found a stormy altar of Qazlal.
  1260 | D:3      | Found a sacrificial altar of Ru.
  1388 | D:3      | Gained mutation: You have a pair of small antennae on your
                  | head. [demonic ancestry]
  1388 | D:3      | Reached XP level 5. HP: 42/42 MP: 5/5
  1799 | D:4      | Gained mutation: You are agile. (Dex +4, Str/Int -1)
                  | [potion of mutation]
  1799 | D:4      | Gained mutation: You are robust. (+10% HP) [potion of
                  | mutation]
  2301 | D:4      | Noticed a +0 dagger
  2301 | D:4      | Noticed a +0 dagger
  2303 | D:4      | Found a hide-covered altar of Uskayaw.
  2396 | D:4      | You fall into a shaft and drop 2 floors!
  2426 | D:6      | Found a burning altar of Makhleb.
  2429 | D:6      | Found a blossoming altar of Fedhas.
  2513 | D:6      | Noticed an ice beast
  2535 | D:5      | Entered Level 5 of the Dungeon
  2550 | D:5      | Noticed an ogre
  2556 | D:5      | Killed an ogre
  2557 | D:5      | Reached skill level 5 in Axes
  2557 | D:5      | Gained mutation: You are partially covered in yellow
                  | scales. (AC +2) [demonic ancestry]
  2557 | D:5      | Reached XP level 6. HP: 38/53 MP: 6/6
  2675 | D:5      | Found an ornate altar of the Wu Jian Council.
  2732 | D:5      | Found a staircase to the Ecumenical Temple.
  2814 | Temple   | Entered the Ecumenical Temple
  2857 | Temple   | Became a worshipper of Gozag Ym Sagoz the Greedy
  2910 | D:5      | Noticed an ice beast
  2929 | D:5      | Killed an ice beast
  2930 | D:5      | Reached skill level 5 in Fighting
  3034 | D:5      | Gained mutation: You have a pair of antennae on your head.
                  | [demonic ancestry]
  3034 | D:5      | Reached XP level 7. HP: 59/61 MP: 7/7
  3225 | D:4      | Reached skill level 6 in Axes
  3463 | D:4      | Found a snail-covered altar of Cheibriados.
  4304 | D:6      | Reached skill level 7 in Axes
  4304 | D:6      | Reached XP level 8. HP: 41/70 MP: 8/8
  5019 | D:7      | Found Muir Fol's Distillery.
  5036 | D:7      | Reached skill level 8 in Axes
  5640 | D:7      | Bought a potion of mutation for 88 gold pieces
  5640 | D:7      | Bought a potion of mutation for 88 gold pieces
  5793 | D:7      | Found a sparkling altar of Nemelex Xobeh.
  5869 | D:7      | Found a runed translucent door.
  5870 | D:7      | Noticed Crazy Yiuf
  5932 | D:7      | Reached skill level 9 in Axes
  5932 | D:7      | Gained mutation: You are mostly covered in yellow scales.
                  | (AC +3) [demonic ancestry]
  5932 | D:7      | Reached XP level 9. HP: 64/79 MP: 9/9
  6047 | D:7      | Killed Crazy Yiuf
  6966 | D:8      | Reached skill level 10 in Axes
  7133 | D:8      | Identified the +0 ring mail "Nuog" {rPois Int+2 Dex-4}
  7671 | D:9      | Found a shadowy altar of Dithmenos.
  8733 | D:10     | Entered Level 10 of the Dungeon
  8753 | D:10     | Noticed a two-headed ogre
  8775 | D:10     | HP: 3/82 [two-headed ogre/+0 giant spiked club (6)]
  8780 | D:10     | Killed a two-headed ogre
  8781 | D:10     | Reached skill level 11 in Axes
  8781 | D:10     | Reached skill level 1 in Dodging
  8781 | D:10     | Gained mutation: You regenerate health from kills. [demonic
                  | ancestry]
  8781 | D:10     | Reached XP level 10. HP: 54/91 MP: 10/10
  8907 | D:10     | Found a shimmering altar of Xom.
  8961 | D:10     | Noticed a two-headed ogre
  8970 | D:10     | HP: 3/91 [two-headed ogre/+0 giant club (22)]
  9474 | D:11     | HP: 3/91 [yak (5)]
  9802 | D:10     | Killed a two-headed ogre
  9976 | D:10     | HP: 4/91 [something (4)]
  9976 | D:10     | Mangled by a vampire

Illustrated notes

Levels and vault maps discovered:
D:1:      dpeg_arrival_rooms_b, layout_rooms, shapermc_ecumenical_altar_ellora
D:2:      layout_loops_ring
D:3:      layout_loops_ring, mainiacjoe_overflow_catwalk,
          nicolae_ru_awakened_eye, uniq_robin
D:4:      layout_loops_ring, dancing_weapons_uskayaw,
          lemuel_coloured_pillars_altar, st_stairs_6, roderic_roman_lattice,
          minmay_bent
D:5:      layout_loops_corners, mainiacjoe_overflow_paths,
          minmay_temple_entry_butterflies, hangedman_glass_teeth,
          kennysheep_another_room, amethyst_killhole
D:6:      layout_basic, mainiacjoe_overflow_cross_hatched, kennysheep_mini,
          st_stairs_5
D:7:      layout_rooms, nemelex_dance_club_becter, serial_shops,
          nicolae_shop_stone, uniq_crazy_yiuf_cottage
D:8:      layout_basic
D:9:      layout_rooms, nicolae_dithmenos_through_a_glass_darkly,
          kennysheep_cluttered_room, minmay_misc_feat_more_columns
D:10:     layout_basic, okawaru_ov_weapons_minmay, dk_xom_monty_hall,
          lair_entry_dummy, uniq_maggie
D:11:     old_forge, layout_rooms, orc_david_3, uniq_lodul
Temple:   jpeg_temple_clearing

Skill      XL: |  1  2  3  4  5  6  7  8  9 10 |
---------------+-------------------------------+-----
Axes           | 2 3 4 5 7 9 11 | 11.8
Fighting       | 4 5 6 7 9 |  9.6
Dodging        | 1 3 |  3.2
Armour         | |  2.6
Shields        | |  2.6

Action                     |  1- 3 |  4- 6 |  7- 9 | 10-12 || total
---------------------------+-------+-------+-------+-------++-------
  Melee: War axe           |   131 |   126 |   390 |    93 ||   740
 Invoke: Potion Petition   |       |       |     1 |     2 ||     3
  Evoke: Wand              |       |       |     5 |     1 ||     6
    Use: Scroll            |     2 |       |     7 |     2 ||    11
         Potion            |     2 |     1 |    12 |     3 ||    18
   Stab: Distracted        |       |       |     3 |     2 ||     5
 Armour: Scale mail        |    77 |    41 |       |       ||   118
         Acid dragon scale |       |    24 |   199 |    46 ||   269
  Dodge: Dodged            |    67 |    60 |   169 |    47 ||   343
  Block: Buckler           |    51 |    29 |    92 |       ||   172
         Kite shield       |       |       |     2 |    55 ||    57

Table legend: (Time is in decaauts)
 A = Elapsed time spent in this place.
 B = Non-inter-level travel time spent in this place.
 C = Inter-level travel time spent in this place.
 D = Time resting spent in this place.
 E = Time spent auto-exploring this place.
 F = Levels seen in this place.
 G = Mean time per level.
                   A        B        C        D        E       F      G
               +--------+--------+--------+--------+--------+-----+--------+
         Total |  10108 |   9612 |    496 |   1493 |   6331 |  12 |  842.3 |
       Dungeon |  10049 |   9569 |    480 |   1493 |   6304 |  11 |  913.5 |
        Temple |     58 |     43 |     15 |      0 |     27 |   1 |   58.0 |
               +--------+--------+--------+--------+--------+-----+--------+

Top non-repeatable levels by time:
     D:8: 1600 daAuts
     D:5: 1209 daAuts
     D:6: 1182 daAuts
     D:9: 1063 daAuts
     D:3: 919 daAuts
     D:4: 854 daAuts
     D:7: 773 daAuts
     D:2: 629 daAuts
    D:11: 628 daAuts
    D:10: 607 daAuts
     D:1: 582 daAuts
  Temple: 58 daAuts
